 Dungeon Crawl Stone Soup version 0.29-a0-817-g9904bce7a6 (webtiles) character file.

Game seed: 7511940774399296271

3085 LynnLen the Unseen (level 9, -1/45 HPs)
             Began as a Vampire Enchanter on July 5, 2022.
             Was a Follower of Dithmenos.
             Engulfed by a steam dragon's steam (8 damage)
             ... on level 7 of the Dungeon.
             The game lasted 00:31:43 (6178 turns).

LynnLen the Unseen (Vampire Enchanter)              Turns: 6178, Time: 00:31:43

Health: -1/45      AC: 12    Str:  7    XL:     9   Next: 58%
Magic:  16/16      EV: 13    Int: 19    God:    Dithmenos [*.....]
Gold:   260        SH:  0    Dex: 17    Spells: 8/17 levels left

rFire   . . .      SeeInvis +   l - +7 Throatcutter {drain, coup de grace}
rCold   + + .      Faith    .   (no shield)
rNeg    + + +      Spirit   .   A - +0 troll leather armour
rPois   ∞          Reflect  .   B - +1 hat
rElec   .          Harm     .   v - +2 cloak {rCorr}
rCorr   +          Rampage  .   (no gloves)
Will    .....                   (no boots)
Stlth   +++++++++.              o - amulet of regeneration
HPRegen 0.00/turn               j - +4 ring of protection
MPRegen 0.15/turn               (no ring)

@: bloodless, inhibited regen, wreathed by umbra
A: bloodless, fangs 3, see invisible, vampiric 2
a: Bat Form, Revivify, Renounce Religion


You were on level 7 of the Dungeon.
You worshipped Dithmenos.
Dithmenos was aware of your devotion.
You visited 2 branches of the dungeon, and saw 8 of its levels.

You collected 260 gold pieces.

Inventory:

Hand Weapons
 g - a +3 dagger of draining
 l - the +7 Throatcutter (weapon) {drain, coup de grace}
   (You found it on level 2 of the Dungeon)

   A truly terrible weapon, it drains the life of any living foe it strikes.
   It may instantly kill foes which have little health.
Armour
 v - a +2 cloak of preservation (worn)
 A - a +0 troll leather armour (worn)
 B - a +1 hat (worn)
Jewellery
 b - a ring of willpower
 j - a +4 ring of protection (left hand)
 o - an amulet of regeneration (around neck)
 q - a ring of protection from cold
 E - a +6 ring of intelligence
Wands
 k - a wand of roots (4)
 s - a wand of paralysis (16) (quivered)
 u - a wand of quicksilver (8)
 D - a wand of polymorph (1)
Scrolls
 r - 2 scrolls of teleportation
 w - a scroll of amnesia
 C - a scroll of immolation
Potions
 a - a potion of heal wounds
 c - 2 potions of invisibility
 d - 3 potions of flight
 e - 3 potions of haste
 f - a potion of might
 h - 2 potions of lignification {unknown}
 i - 3 potions of curing {unknown}
 m - a potion of brilliance {unknown}
 n - a potion of ambrosia {unknown}
 p - a potion of degeneration {unknown}
 t - a potion of attraction {unknown}
 z - a potion of resistance {unknown}


   Skills:
 + Level 4.3(5.0) Short Blades
 + Level 3.2(4.1) Long Blades
 + Level 4.6 Dodging
 * Level 15.3 Stealth
 * Level 4.9 Spellcasting
 * Level 2.5 Conjurations
 + Level 5.3 Hexes


You had 8 spell levels left.
You knew the following spells:

 Your Spells              Type           Power      Damage    Failure   Level
a - Confusing Touch       Hex            25%        N/A       6%          3
b - Tukima's Dance        Hex            25%        N/A       6%          3
c - Dazzling Flash        Conj/Hex       38%        N/A       11%         3

Your spell library contained the following spells:

 Spells                   Type           Power      Damage    Failure   Level
 Ensorcelled Hibernation  Hex/Ice        28%        N/A       10%         2
 Conjure Flame            Conj/Fire      9%         6-21      32%         3
 Gell's Gravitas          Tloc           4%         N/A       50%         3
 Ignite Poison            Fire/Tmut/Pois 4%         N/A       50%         3
 Lesser Beckoning         Tloc           4%         N/A       50%         3
 Teleport Other           Tloc           4%         N/A       50%         3
 Sticky Flame             Conj/Fire      9%         2d3       73%         4


Dungeon Overview and Level Annotations

Branches:
Dungeon (7/15)             Temple (1/1) D:6

Altars:
Ashenzari
Cheibriados
Dithmenos
Fedhas
Hepliaklqana
Kikubaaqudgha
Makhleb
Okawaru
Qazlal
Sif Muna
Trog
Uskayaw
Vehumet
Wu Jian
Xom

Shops:
D:4 [


Innate Abilities, Weirdness & Mutations

You do not regenerate when monsters are visible.
You are frail without blood (-20% HP).
You can heal yourself when you bite living creatures.
You are immune to poison.
You have razor-sharp teeth.
You have supernaturally acute eyesight. (SInv)
You are afflicted with vampirism and can become a bat while bloodless.


Message History

The white imp shouts!
The jelly quivers.
You hear an angry hiss.
The jelly closely misses you. The white imp gestures at you.
The puff of frost hits you but does no damage.
You hit the white imp.
The white imp is moderately wounded.
The jelly hits you but does no damage.
The white imp hits you but does no damage.
You hit the white imp.
The white imp is severely wounded.
A steam dragon comes into view.
The jelly hits you.
You are splashed with acid.
You resist. The white imp gestures at you.
The puff of frost hits you but does no damage.
You resist.
You sense an unholy aura.
l - the +7 Throatcutter (weapon)
{drain, coup de grace} The steam dragon hisses angrily.
You slash the jelly!
You put the jelly out of its misery!
You kill the jelly!
Dithmenos accepts your kill.
You are shrouded in an aura of darkness!
You hear a shout!
The white imp hits you but does no damage.
The white imp gestures at you. The puff of frost hits you. You resist.
The steam dragon breathes steam at you.
The ball of steam hits the white imp!
The white imp dies!
The ball of steam hits you!
You hear a shout! x2; You hear an angry buzzing noise.
You hear an angry hiss.
You hear an angry buzzing noise.
The steam dragon breathes steam at you. The ball of steam hits you!
* * * LOW HITPOINT WARNING * * *
You hear an angry buzzing noise.
You are engulfed in a cloud of scalding steam.
You die...

#.# #.# #.# #.# #.# #.# ♣♣
#.# ♣♣♣♣D♣ #.# ♣§§@♣ #.#
♣.♣♣§§♣♣ #.# #### ♣..§.♣
#.##<....
...########.########...#
#....).....)./........#
#.........#.........[.#
##......#.#......##.......
#.####.#..#####.##..#####
# #.##.# #.......


You could see a steam dragon.

Vanquished Creatures
  Maggie (D:7)
  A troll (D:5)
  Grinder (D:6)
  Sigmund (D:3)
  Eustachio (D:5)
  A water moccasin (D:5)
  A sky beast (D:7)
  A black bear (D:4)
  An ogre (D:7)
  A centaur (D:5)
  A phantom (D:5)
  2 necrophages
  Blork the orc (D:5)
  3 scorpions
  6 wights
  A howler monkey (D:5)
  Crazy Yiuf (D:3)
  5 hounds
  6 jellies
  3 orc priests
  4 iguanas
  Ijyb (D:3)
  An orc wizard (D:6)
  6 adders
  4 gnolls
  2 shadow imps
  2 worms (D:2)
  2 dart slugs (D:2)
  30 orcs
  6 endoplasms
  5 giant cockroaches
  5 goblins (D:1)
  4 hobgoblins
  11 jackals
  11 kobolds
  4 quokkas (D:5)
  6 ball pythons
  A bat (D:3)
  3 frilled lizards
  3 rats
150 creatures vanquished.

Vanquished Creatures (others)
  A dancing weapon (D:3)
  A white imp (D:7)
2 creatures vanquished.

Grand Total: 152 creatures vanquished

Notes
Turn   | Place    | Note
-------+----------+-------------------------------------------
     0 | D:1      | LynnLen the Vampire Enchanter began the quest for the Orb.
     0 | D:1      | Reached XP level 1. HP: 13/13 MP: 3/3
   179 | D:1      | Reached XP level 2. HP: 14/15 MP: 5/5
   340 | D:1      | Reached skill level 5 in Stealth
   620 | D:1      | Gained mutation: You are afflicted with vampirism and can
                  | become a bat while bloodless. [Vampire growth]
   620 | D:1      | Reached XP level 3. HP: 14/19 MP: 6/6
   726 | D:1      | Learned a level 3 spell: Confusing Touch
   730 | D:1      | Learned a level 3 spell: Tukima's Dance
  1300 | D:2      | Found the +7 Throatcutter {drain, coup de grace}
  1904 | D:2      | You fall into a shaft and drop 1 floor!
  1993 | D:3      | Noticed Sigmund
  2004 | D:3      | Killed Sigmund
  2005 | D:3      | Reached skill level 7 in Stealth
  2005 | D:3      | Reached XP level 4. HP: 14/18 MP: 3/8
  2005 | D:3      | Reached XP level 5. HP: 17/21 MP: 3/9
  2073 | D:2      | Reached skill level 8 in Stealth
  2226 | D:3      | Found a faded altar of an unknown god.
  2330 | D:3      | Noticed Ijyb
  2337 | D:3      | Killed Ijyb
  2338 | D:3      | Reached skill level 5 in Hexes
  2553 | D:3      | Reached XP level 6. HP: 4/24 MP: 10/10
  2656 | D:3      | Found a runed translucent door.
  2657 | D:3      | Noticed Crazy Yiuf
  2666 | D:3      | Killed Crazy Yiuf
  2865 | D:3      | Learned a level 3 spell: Dazzling Flash
  3004 | D:4      | Found Tolaz's Armour Boutique.
  3007 | D:4      | Reached skill level 9 in Stealth
  3212 | D:4      | Reached skill level 1 in Long Blades
  3305 | D:4      | Reached XP level 7. HP: 36/36 MP: 12/12
  3673 | D:5      | Entered Level 5 of the Dungeon
  3789 | D:5      | Reached skill level 10 in Stealth
  3842 | D:5      | Noticed Blork the orc
  3848 | D:5      | Killed Blork the orc
  4258 | D:5      | Reached skill level 11 in Stealth
  4301 | D:5      | Noticed a troll
  4304 | D:5      | Killed a troll
  4305 | D:5      | Reached XP level 8. HP: 41/41 MP: 13/13
  4307 | D:5      | Reached skill level 12 in Stealth
  4307 | D:5      | Reached skill level 1 in Conjurations
  4505 | D:5      | Reached skill level 13 in Stealth
  4635 | D:5      | Noticed Eustachio
  4671 | D:5      | Killed Eustachio
  4847 | D:6      | Noticed Grinder
  4854 | D:6      | Killed Grinder
  4855 | D:6      | Reached skill level 14 in Stealth
  4855 | D:6      | Reached XP level 9. HP: 39/45 MP: 15/15
  4967 | D:6      | Found a staircase to the Ecumenical Temple.
  4977 | Temple   | Entered the Ecumenical Temple
  5088 | Temple   | Became a worshipper of Dithmenos the Shadowed
  5338 | D:6      | Identified the +3 falchion of Fikhucze {pain, rN+}
  5407 | D:6      | Found an ornate altar of the Wu Jian Council.
  6152 | D:7      | Noticed Maggie
  6159 | D:7      | Killed Maggie
  6160 | D:7      | Reached skill level 15 in Stealth
  6176 | D:7      | Reached * piety under Dithmenos
  6178 | D:7      | Engulfed by a steam dragon's steam

Illustrated notes

Levels and vault maps discovered:
D:1:      scummos_arrival_hexagon, layout_loops_ring
D:2:      wander_river, layout_basic, roderic_lattice_a,
          kennysheep_generic_room_11
D:3:      layout_basic, basic_ecumenical_altar, uniq_sigmund, uniq_ijyb,
          uniq_crazy_yiuf_cottage
D:4:      layout_loops_ring, serial_shops, shop, minmay_goblin_kobold_house
D:5:      kennysheep_windowed_halls, layout_basic, uniq_eustachio,
          uniq_blork_the_orc
D:6:      layout_layer_cave, nicolae_wu_jian_wuxing_cycle,
          nicolae_overflow_hidden_temple, minmay_temple_entry_stoned_glass,
          uniq_grinder
D:7:      nzn_winding_woodlands_three_and_one
          [nzn_winding_woodlands_5x15_parted, nzn_winding_woodlands_5x15_eye,
          nzn_winding_woodlands_5x15_crooked,
          nzn_winding_woodlands_center_garden], layout_basic, uniq_maggie
Temple:   nicolae_temple_bog_church

Skill      XL: |  1  2  3  4  5  6  7  8  9 |
---------------+----------------------------+-----
Stealth        | 5 7 8 9 11 14 15 | 15.3
Short Blades   | 2 3 4 |  4.3
Hexes          | 5 |  5.3
Spellcasting   | 3 4 |  4.9
Long Blades    | 1 2 3 |  3.2
Dodging        | 3 4 |  4.6
Conjurations   | 1 2 |  2.5

Action                   |  1- 3 |  4- 6 |  7- 9 || total
-------------------------+-------+-------+-------++-------
Melee: Dagger            |    73 |    37 |   182 ||   292
       Bite              |     3 |    10 |    24 ||    37
       Long sword        |     5 |    14 |    43 ||    62
       Punch             |       |       |     3 ||     3
 Cast: Tukima's Dance    |     1 |     2 |     2 ||     5
 Abil: Exsanguinate      |     3 |       |     1 ||     4
       Revivify          |     2 |       |     1 ||     3
  Use: Scroll            |     2 |     5 |     6 ||    13
       Potion            |       |       |     5 ||     5
 Stab: Sleeping          |    20 |    16 |    33 ||    69
       Distracted        |       |       |     1 ||     1
Armor: Robe              |     4 |     1 |       ||     5
       Leather armour    |       |     5 |    15 ||    20
       Troll leather arm |       |       |   104 ||   104
Dodge: Dodged            |    32 |    16 |   183 ||   231

Table legend: (Time is in decaauts)
 A = Elapsed time spent in this place.
 B = Non-inter-level travel time spent in this place.
 C = Inter-level travel time spent in this place.
 D = Time resting spent in this place.
 E = Time spent auto-exploring this place.
 F = Levels seen in this place.
 G = Mean time per level.
                   A        B        C        D        E       F      G
               +--------+--------+--------+--------+--------+-----+--------+
         Total |   6159 |   6159 |      0 |    452 |   2953 |   8 |  769.9 |
       Dungeon |   6020 |   6020 |      0 |    452 |   2935 |   7 |  860.0 |
        Temple |    138 |    138 |      0 |      0 |     18 |   1 |  138.0 |
               +--------+--------+--------+--------+--------+-----+--------+

Top non-repeatable levels by time:
     D:6: 1156 daAuts
     D:5: 1114 daAuts
     D:1: 1082 daAuts
     D:2: 968 daAuts
     D:3: 853 daAuts
     D:4: 777 daAuts
  Temple: 138 daAuts
     D:7: 67 daAuts
